 Dungeon Crawl Stone Soup version 0.25.1-2-g60ff931df9 (webtiles) character file.

Game seed: 2061149752320611558

543 DogServant the Chopper (level 7, -5/66 HPs)
             Began as a Hill Orc Fighter on Oct 22, 2020.
             Killed from afar by Dowan (15 damage)
             ... with a shard of ice
             ... on level 4 of the Dungeon.
             The game lasted 00:04:06 (3402 turns).

DogServant the Chopper (Hill Orc Fighter)           Turns: 3402, Time: 00:04:07

Health: -5/66      AC:  8    Str: 21    XL:     7   Next: 27%
Magic:  7/7        EV:  7    Int:  8    God:
Gold:   98         SH:  9    Dex: 10    Spells: 6/6 levels left

rFire    + . .     SeeInvis .   v - +0 war axe (vamp)
rCold    + . .     Gourm    .   c - +0 kite shield
rNeg     . . .     Faith    .   b - +0 scale mail
rPois    +         Spirit   .   (no helmet)
rElec    .         Reflect  .   o - scarf {rC+ rF+}
rCorr    .         Harm     .   p - +0 pair of gloves
MR       .....                  (no boots)
Stlth    ..........             e - amulet of magic regeneration
HPRegen  0.21/turn              a - ring of poison resistance
MPRegen  0.35/turn              (no ring)

@: mighty
A: no striking features
a: no special abilities


You were on level 4 of the Dungeon.
You were not hungry.

You visited 1 branch of the dungeon, and saw 4 of its levels.

You collected 98 gold pieces.

Inventory:

Hand Weapons
 v - a +0 vampiric war axe (weapon)
Missiles
 k - a throwing net (quivered)
Armour
 b - a +0 scale mail (worn)
 c - a +0 kite shield (worn)
 o - a scarf of resistance (worn)
 p - a +0 pair of gloves (worn)
Jewellery
 a - a ring of poison resistance (left hand)
 e - an amulet of magic regeneration (around neck)
Scrolls
 h - 3 scrolls of immolation {unknown}
 i - a scroll of fog {unknown}
 j - 2 scrolls of identify {unknown}
 n - 2 scrolls of teleportation {unknown}
 q - a scroll of enchant weapon {unknown}
 t - a scroll of fear {unknown}
Potions
 l - a potion of curing
 m - a potion of cancellation {unknown}
 r - a potion of brilliance {unknown}
 s - 4 potions of lignification {unknown}
 x - a potion of ambrosia {unknown}
Comestibles
 f - 6 rations
 u - 3 chunks of flesh


   Skills:
 + Level 7.3 Fighting
 + Level 7.4 Axes
 - Level 3.2 Armour
 - Level 3.2 Shields


You had 6 spell levels left.
You didn't know any spells.
Your spell library was empty.

Dungeon Overview and Level Annotations

Branches:
Dungeon (3/15)

Altars:
Trog

Annotations:
D:3 Natasha
D:4 Dowan


Message History

Dowan blinks!
Dowan drinks a potion.
Dowan is healed!
Dowan gestures at you while chanting. The stone arrow hits you!
* * * LOW HITPOINT WARNING * * *
You barely miss Dowan.
Dowan is heavily wounded.
Dowan hits you but does no damage. You block Dowan's attack.
Your scale mail prevents you from hitting Dowan.
Dowan is heavily wounded.
You block Dowan's attack. Dowan barely misses you.
You slash Dowan!
You feel better.
Dowan is almost dead.
You block Dowan's attack.
You closely miss Dowan.
Dowan is almost dead.
Dowan hits you but does no damage.
Dowan points at you and mumbles some strange words.
The shard of ice hits you! You partially resist.
You die...

........#....##...#
#..##..##...#......#
.###+#####..##..##...##.....#
(...............##...##.....#
#..................##.....#
#....=######.......##....[##
#.....##..##..###### .......
##.....##..##..##...##.....#
#.......'...e@.......†.....#
##......#......)....)†.......
###+####..##..##............
#..######...######### #..#
#...# #..# #....# #... #e...#
#... #....# #..###


You could see Dowan (fast).

Vanquished Creatures
  Menkaure (D:4)
  Duvessa (D:4)
  A howler monkey (D:4)
  A bullfrog zombie (D:2)
  A jelly (D:3)
  Jessica (D:2)
  Natasha (D:3)
  Robin (D:2)
  5 adders
  A howler monkey skeleton (D:4)
  An ooze (D:2)
  3 worms (D:2)
  A dart slug (D:2)
  6 leopard geckos
  2 orcs
  4 bats
  4 giant cockroaches
  14 hobgoblins
  2 jackals (D:4)
  2 quokkas
  2 ball pythons (D:1)
  3 frilled lizards (D:1)
  15 goblins
  9 kobolds
  14 rats
96 creatures vanquished.

Notes
Turn   | Place    | Note
-------+----------+-------------------------------------------
     0 | D:1      | DogServant the Hill Orc Fighter began the quest for the
                  | Orb.
     0 | D:1      | Reached XP level 1. HP: 19/19 MP: 1/1
   145 | D:1      | Reached XP level 2. HP: 19/27 MP: 2/2
   808 | D:1      | Reached XP level 3. HP: 30/34 MP: 3/3
  1148 | D:2      | Noticed Robin
  1192 | D:2      | Killed Robin
  1192 | D:2      | Reached XP level 4. HP: 16/41 MP: 4/4
  1608 | D:2      | Reached skill level 5 in Fighting
  1692 | D:2      | Found a faded altar of an unknown god.
  1944 | D:2      | Noticed Jessica
  1965 | D:2      | Killed Jessica
  1965 | D:2      | Reached skill level 5 in Axes
  1965 | D:2      | Reached XP level 5. HP: 34/48 MP: 5/5
  2192 | D:2      | Found a bloodstained altar of Trog.
  2983 | D:3      | Noticed Natasha
  2989 | D:3      | Reached XP level 6. HP: 50/57 MP: 6/6
  3004 | D:3      | Killed Natasha
  3197 | D:3      | Noticed Natasha
  3198 | D:3      | You fall into a shaft and drop 1 floor!
  3334 | D:4      | Noticed Menkaure
  3346 | D:4      | Killed Menkaure
  3346 | D:4      | Reached XP level 7. HP: 66/66 MP: 7/7
  3375 | D:4      | Noticed Dowan
  3377 | D:4      | Noticed Duvessa
  3396 | D:4      | Killed Duvessa
  3402 | D:4      | Killed from afar by Dowan

Illustrated notes

Levels and vault maps discovered:
D:1:      minmay_arrival_stone_box, layout_loops_ring
D:2:      layout_basic, first_ration, chequers_ecumenical_altar_simple,
          trog_hazing_becter, uniq_robin, uniq_jessica
D:3:      layout_rooms, uniq_natasha
D:4:      layout_gridville, uniq_duvessa, uniq_menkaure

Skill      XL: |  1  2  3  4  5  6 |
---------------+-------------------+-----
Axes           | 3 4 5 6 7 |  7.4
Fighting       | 4 5 6 7 |  7.3
Armour         | |  3.2
Shields        | |  3.2

Action                   |  1- 3 |  4- 6 |  7- 9 || total
-------------------------+-------+-------+-------++-------
Melee: War axe           |   109 |   223 |    19 ||   351
  Use: Scroll            |       |     2 |       ||     2
       Potion            |       |       |     1 ||     1
  Eat: Chunk             |     1 |     7 |     1 ||     9
Armor: Scale mail        |    46 |   110 |     6 ||   162
Dodge: Dodged            |    34 |    53 |     6 ||    93
Block: Kite shield       |    59 |   123 |    10 ||   192
